 Dungeon Crawl Stone Soup version 0.31-a0-345-g1ebeae05c6 (webtiles) character file.

Game seed: 6337944166945045789

8697 Flugkiller the Mimic (level 11, 0/112 HPs)
             Began as a Green Draconian Shapeshifter on July 22, 2023.
             Was a Priest of Wu Jian.
             Killed by divine providence
             ... invoked by a meliai
              (11 damage)
             ... on level 10 of the Dungeon.
             The game lasted 00:12:28 (9728 turns).

Flugkiller the Mimic (Green Draconian Shapeshifter) Turns: 9728, Time: 00:12:28

Health: 0/112      AC:  9    Str: 22    XL:     11   Next: 13%
Magic:  20/20      EV: 14    Int:  9    God:    Wu Jian [***...]
Gold:   595        SH:  0    Dex: 16    Spells: 10/10 levels left

rFire   . .          .
                       - Unarmed
rCold   . . .        (shield currently unavailable)
rNeg    + . .        (body armour unavailable)
rPois   .            (helmet currently unavailable)
rElec   .            (cloak currently unavailable)
rCorr   .            (gloves currently unavailable)
SInv    .            (boots currently unavailable)
Will    .....        (no amulet)
Stlth   +            A - ring of positive energy
HPRegen 0.38/turn    B - ring of magical power
MPRegen 0.17/turn

%: no passive effects
@: exhausted, snake-form
A: constrict, boosted hp, (breathe noxious fumes), AC +7, large, unfitting
armour, (poison resistance), (cold-blooded)
a: Begin Untransformation, Renounce Religion, Wall Jump, Serpent's Lash


You were on level 10 of the Dungeon.
You worshipped Wu Jian.
Wu Jian was most pleased with you.
You were an enormous anaconda.
You visited 2 branches of the dungeon, and saw 11 of its levels.
You also visited: Ossuary.

You collected 595 gold pieces.

Inventory:

Missiles
 v - a curare-tipped dart
Armour
 d - a +0 pair of gloves
   (You found it on level 1 of the Dungeon)
 k - a +0 cloak
   (You found it on level 4 of the Dungeon)
 x - a +2 hat
   (You found it on level 6 of the Dungeon)
Jewellery
 A - a ring of positive energy (left hand)
   (You found it on level 8 of the Dungeon)
 B - a ring of magical power (right hand)
   (You found it on level 8 of the Dungeon)
Talismans
 b - a beast talisman
 j - a serpent talisman
   (You found it on level 3 of the Dungeon)
Wands
 a - a wand of flame (5)
   (You found it on level 4 of the Dungeon)
 h - a wand of digging (3)
   (You found it on level 6 of the Dungeon)
 i - a wand of roots (21)
   (You found it on level 5 of the Dungeon)
 C - a wand of mindburst (8)
   (You found it on level 9 of the Dungeon)
 E - a wand of paralysis (21)
   (You found it on level 8 of the Dungeon)
Scrolls
 l - a scroll of enchant armour
 m - 2 scrolls of poison
 s - a scroll of fear
 t - 4 scrolls of teleportation
 y - a scroll of summoning {unknown}
 z - 2 scrolls of blinking
 D - a scroll of vulnerability {unknown}
Potions
 c - a potion of magic {unknown}
 e - a potion of brilliance {unknown}
 f - 2 potions of invisibility
 g - 2 potions of attraction {unknown}
 n - 2 potions of enlightenment
 o - 3 potions of mutation
 q - 7 potions of curing
 u - 5 potions of lignification


   Skills:
 - Level 8.0 Fighting
 - Level 8.0 Dodging
 - Level 8.0 Unarmed Combat
 + Level 5.0 Evocations
 - Level 9.0 Shapeshifting


You had 10 spell levels left.
You didn't know any spells.
Your spell library contained the following spells:

 Spells                   Type           Power      Damage    Failure   Level
 Apportation              Tloc           0%         N/A       38%         1
 Freeze                   Ice            0%         1d3       38%         1
 Necrotise                Necr           0%         1d4       38%         1
 Summon Small Mammal      Summ           0%         N/A       38%         1
 Blink                    Tloc           0%         N/A       52%         2
 Ensorcelled Hibernation  Hex/Ice        0%         N/A       52%         2
 Lesser Beckoning         Tloc           0%         N/A       52%         2
 Momentum Strike          Conj/Tloc      0%         3d8       52%         2
 Poisonous Vapours        Pois/Air       0%         N/A       52%         2
 Call Canine Familiar     Summ           0%         N/A       77%         3
 Dazzling Flash           Conj/Hex       0%         N/A       77%         3
 Frozen Ramparts          Ice            0%         1d1       77%         3
 Hailstorm                Conj/Ice       0%         3d3       77%         3
 Mephitic Cloud           Conj/Pois/Air  0%         N/A       77%         3
 Portal Projectile        Hex/Tloc       0%         N/A       77%         3
 Summon Guardian Golem    Hex/Summ       0%         N/A       77%         3
 Tukima's Dance           Hex            0%         N/A       77%         3
 Volatile Blastmotes      Fire/Tloc      0%         2d10      77%         3
 Iskenderun's Mystic Bla  Conj/Tloc      0%         2d3       99%         4
 Olgreb's Toxic Radiance  Pois           0%         N/A       99%         4
 Alistair's Intoxication  Tmut/Pois      0%         N/A       100%        5
 Freezing Cloud           Conj/Ice/Air   0%         6-21      100%        5
 Summon Forest            Summ/Tloc      0%         N/A       100%        5
 Eringya's Noxious Bog    Tmut/Pois      0%         4d6       100%        6
 Starburst                Conj/Fire      0%         6d3       100%        6
 Summon Hydra             Summ           0%         N/A       100%        7
 Maxwell's Capacitive Co  Air            0%         ∞         100%        8


Dungeon Overview and Level Annotations

Branches:
Dungeon (10/15) Zot: 26768  Temple (1/1) D:5 Zot: 5944    Lair (0/5) D:9
Ossuary (visited)
    Orc: D:9-12

Altars:
Ashenzari
Cheibriados
Dithmenos
Elyvilon
Fedhas
Gozag
Hepliaklqana
Kikubaaqudgha
Makhleb
Nemelex Xobeh
Okawaru
Qazlal
Ru
Sif Muna
Trog
Uskayaw
Vehumet
Wu Jian
Xom
Yredelemnul
Zin
The Shining One

Shops:
D:10 (

Annotations:
D:4 1 runed translucent door, Crazy Yiuf


Innate Abilities, Weirdness & Mutations

You are an enormous anaconda.
You have a powerful constriction melee attack.
Your maximum health is increased.
Your armour is entirely melded.
You are incapable of wielding weapons or throwing items.
((You can breathe blasts of noxious fumes.))
((Your lurid green scales are hard. (AC +7)))
You cannot fit into any form of body armour.
((Your system is resistant to poisons. (rPois)))
((You are cold-blooded and may be slowed by cold attacks.))


Message History

The shadow is heavily damaged.
The shadow hits you.
You lash the shadow!
The shadow is almost destroyed.
The shadow slips into darkness.
The shadow flickers and vanishes!
Deactivating autopickup; reactivate with Ctrl-A.
You closely miss something. You miss something.
The shadow strikes at you from the darkness!
Reactivating autopickup.
You barely miss the shadow.
The shadow is almost destroyed.
The shadow barely misses you.
You body-slam the shadow!!
You destroy the shadow!
The Council accepts your kill.
You open the door.
Found Zyuhaiso's Weapon Emporium.
There is an open door here.
There is an entrance to Zyuhaiso's Weapon Emporium here.
You open the door.
Found an escape hatch in the ceiling.
There is an open door here.
A vampire mosquito comes into view.
Found 17 gold pieces. 2 meliai come into view.
A meliai is wielding a +0 war axe and wearing a +1 robe of cold resistance.
The meliai buzzes angrily.
A meliai comes into view. It is wielding a +0 hand axe.
As you read the scroll of fog, it dissolves into smoke.
The meliai calls down the wrath of its god upon you.
Something smites you!
The meliai invokes the aid of its god against you.
Something smites you!
The meliai buzzes angrily.
Unknown command.
Your muscles tense, ready for explosive movement...
You spin and attack the meliai repeatedly, with incredible momentum.
You lash the meliai! You grab the meliai.
The meliai is heavily wounded.
You lash the meliai!
You kill the meliai!
The Council accepts your kill.
You spin and attack the meliai, with incredible momentum.
You lash the meliai! Your grab misses the meliai.
The meliai is heavily wounded.
Your Evocations skill increases to level 5!
You spin and attack the meliai, with incredible momentum.
You hit the meliai but do no damage. You grab the meliai.
The meliai is heavily wounded.
Your supernatural speed expires.
You hit the meliai but do no damage.
The meliai is heavily wounded.
You constrict the meliai.
The meliai invokes the aid of its god against you.
Something smites you! The meliai hits you with a +0 hand axe.
* * * LOW HITPOINT WARNING * * *
The meliai stings you!
* * * LOW HITPOINT WARNING * * *
You feel much better.
You constrict the meliai. The meliai misses you. The meliai stings you!
You are poisoned.
The meliai poisons you! The meliai barely misses you.
The meliai closely misses you. The meliai completely misses you.
The meliai stings you but does no damage.
The meliai hits you with a +0 hand axe.
The meliai stings you but does no damage.
You release your grip on the meliai.
You spin and attack the meliai repeatedly.
You hit the meliai.
The meliai is lightly wounded.
You barely miss the meliai.
The meliai is lightly wounded.
You spin and attack the meliai.
You closely miss the meliai. You grab the meliai.
The meliai is severely wounded.
You constrict the meliai.
You feel very sick. The meliai hits you with a +0 hand axe!
* * * LOW HITPOINT WARNING * * *
The meliai barely misses you.
The meliai mumbles some strange prayers to its god against you.
Something smites you!
* * * LOW HITPOINT WARNING * * *
The meliai hits you with a +0 hand axe.
* * * LOW HITPOINT WARNING * * *
The meliai stings you.
* * * LOW HITPOINT WARNING * * *
You are more poisoned.
The meliai poisons you! The meliai hits you with a +0 hand axe!
* * * LOW HITPOINT WARNING * * *
The meliai stings you but does no damage.
Okay, then.
Unknown command.
Unknown command.
You feel better.
You constrict the meliai.
The meliai mumbles some strange prayers to its god against you.
Something smites you!
You die...

#.............
##...$.....y...
......§.......
....§..y.y...
#..§........
#§..§§..... .
#§§.§§..... ..
##§yy§§.....
#..####§§§S§§.....
#....#.§§§#§§..###
#.......§§§§§§.#
#.............## #
##.....#'#.....#
##
#......+∩+.....#
..
.......#'#......#
.##.............
#.. ###...........


You could see 2 meliai.

Vanquished Creatures
  Lodul (D:10)
  Pikel (D:7)
  Joseph (D:9)
  Maggie (D:6)
  An unseen horror (D:9)
  A meliai (D:10)
  A troll (D:10)
  Prince Ribbit (D:7)
  A shadow (D:10)
  A basilisk (D:9)
  5 yaks (D:9)
  A wyvern (D:9)
  A wraith (D:9)
  A steam dragon (D:8)
  A water moccasin (D:9)
  2 acid dragons (D:9)
  3 ice beasts
  3 orc warriors
  2 sky beasts (D:7)
  4 black bears
  3 centaurs
  10 ogres
  4 lemures (D:7)
  3 phantoms
  2 kobold brigands
  6 bullfrogs
  2 scorpions
  2 water moccasin zombies (Ossuary)
  7 killer bees
  2 electric eels (D:8)
  2 jellies
  A gnoll bouda (D:7)
  2 orc priests
  2 hounds
  6 iguanas
  7 orc wizards
  2 mummies (Ossuary)
  5 adders
  12 gnolls
  A shadow imp (D:6)
  2 white imps
  An ufetubus (D:5)
  4 adder zombies (Ossuary)
  2 worms
  6 dart slugs
  31 orcs
  7 endoplasms
  4 giant cockroaches
  7 gnoll zombies (Ossuary)
  2 goblins
  8 hobgoblins
  2 jackals (D:1)
  10 kobolds
  2 quokkas
  8 ball pythons
  2 bats
  A frilled lizard (D:3)
  A goblin zombie (D:6)
  6 hobgoblin zombies (Ossuary)
  4 kobold zombies (Ossuary)
  4 orc zombies (Ossuary)
  4 rats
  A rat zombie (D:6)
233 creatures vanquished.

Notes
Turn   | Place    | Note
-------+----------+-------------------------------------------
     0 | D:1      | Flugkiller the Draconian Shapeshifter began the quest for
                  | the Orb.
     0 | D:1      | Reached XP level 1. HP: 16/16 MP: 1/1
   180 | D:1      | Reached XP level 2. HP: 24/24 MP: 2/2
   845 | D:2      | Reached XP level 3. HP: 24/30 MP: 3/3
  1373 | D:3      | Reached XP level 4. HP: 38/38 MP: 4/4
  2080 | D:3      | Reached XP level 5. HP: 45/46 MP: 5/5
  2987 | D:4      | Noticed an ice beast
  3011 | D:4      | Killed an ice beast
  3012 | D:4      | Reached XP level 6. HP: 11/53 MP: 6/6
  3211 | D:4      | Reached skill level 4 in Shapeshifting
  3565 | D:4      | Found a runed translucent door.
  3566 | D:4      | Noticed Crazy Yiuf
  3649 | D:5      | Entered Level 5 of the Dungeon
  3659 | D:4      | Your scales start taking on a lurid green colour.
  3659 | D:4      | Reached XP level 7. HP: 15/60 MP: 7/7
  3659 | D:4      | Gained mutation: Your system is resistant to poisons.
                  | (rPois) [Green Draconian growth]
  3855 | D:4      | Reached skill level 5 in Shapeshifting
  4172 | D:5      | Found a staircase to the Ecumenical Temple.
  4183 | D:5      | Reached skill level 6 in Shapeshifting
  4250 | Temple   | Entered the Ecumenical Temple
  4278 | Temple   | Became a worshipper of the Wu Jian Council
  4336 | D:5      | Found a stormy altar of Qazlal.
  4336 | D:5      | Found a broken altar of Ashenzari.
  4337 | D:5      | Found a burning altar of Makhleb.
  4575 | D:5      | Found a snail-covered altar of Cheibriados.
  4921 | D:6      | Reached XP level 8. HP: 67/67 MP: 8/8
  4937 | D:6      | Reached skill level 7 in Shapeshifting
  5127 | D:6      | Reached skill level 8 in Shapeshifting
  5348 | D:6      | Found a sand-covered staircase.
  5355 | Ossuary  | Entered an ossuary
  5374 | Ossuary  | Reached * piety under Wu Jian
  5533 | D:6      | Noticed Maggie
  5551 | D:6      | Killed Maggie
  5552 | D:6      | Reached skill level 9 in Shapeshifting
  5552 | D:6      | Reached XP level 9. HP: 65/73 MP: 9/9
  5828 | D:6      | Reached skill level 5 in Fighting
  5854 | D:6      | Reached skill level 5 in Unarmed Combat
  6280 | D:7      | Reached ** piety under Wu Jian
  6461 | D:7      | Noticed Prince Ribbit
  6475 | D:7      | Killed Prince Ribbit
  6484 | D:7      | Noticed Pikel
  6512 | D:7      | Killed Pikel
  6618 | D:7      | Reached skill level 5 in Dodging
  7088 | D:7      | Identified the +1 chain mail of Xourac {rElec rC+}
  7172 | D:8      | Found the +7 Kryia's mail coat {PotionHeal*2 rC+}
  7198 | D:8      | Reached XP level 10. HP: 83/83 MP: 10/10
  7636 | D:8      | Found a sparkling altar of Nemelex Xobeh.
  7637 | D:8      | Found an iron altar of Okawaru.
  7772 | D:8      | Reached skill level 1 in Evocations
  8263 | D:9      | Found a hide-covered altar of Uskayaw.
  8516 | D:9      | Found a staircase to the Lair.
  8555 | D:9      | Reached *** piety under Wu Jian
  8777 | D:9      | Noticed Joseph
  8788 | D:9      | Killed Joseph
  8974 | D:9      | Got the Quarto of the Contaminated Iceberg
  9493 | D:10     | Entered Level 10 of the Dungeon
  9620 | D:10     | Noticed Lodul
  9635 | D:10     | Killed Lodul
  9644 | D:10     | Reached XP level 11. HP: 63/94 MP: 11/11
  9712 | D:10     | Found Zyuhaiso's Weapon Emporium.
  9725 | D:10     | Reached skill level 5 in Evocations
  9727 | D:10     | HP: 1/112 [meliai/+0 hand axe (8)]
  9728 | D:10     | Killed from afar by a meliai

Illustrated notes

Levels and vault maps discovered:
D:1:      dpeg_arrival_central, layout_loops_ring, serial_bayou_lake_a
D:2:      layout_rooms, minmay_misc_feat_diagonals
D:3:      layout_basic, minivault_23, minivault_24
D:4:      layout_cave_pools, uniq_crazy_yiuf_cottage
D:5:      layout_loops_ring, slow_altar_2,
          chequers_temple_overflow_statue_of_worship,
          minmay_temple_entry_junction, roderic_roman_lattice,
          minmay_misc_feat_rows, minmay_misc_feat_plants
D:6:      minmay_spotlight, layout_loops_ring, enter_ossuary_4, uniq_maggie
D:7:      layout_basic, kennysheep_generic_room_9, uniq_pikel,
          uniq_prince_ribbit1
D:8:      layout_gridville, nicolae_overflow_two_pavilions
D:9:      layout_basic, eat_drink_and_be_merry_uskayaw, david_lair_generic,
          uniq_joseph
D:10:     layout_layer_cave, enter_bailey_3, serial_shops,
          nicolae_shop_behind_doors, minmay_misc_feat_iff, uniq_lodul
Temple:   regret_index_temple_generic_petals

Skill      XL: |  1  2  3  4  5  6  7  8  9 10 11 |
---------------+----------------------------------+-----
Fighting       | 2 3 4 6 8 |  8.0
Unarmed Combat | 4 7 8 |  8.0
Dodging        | 2 5 8 |  8.0
Shapeshifting  | 4 6 9 |  9.0
Evocations     | 3 5 |  5.0

Action                     |  1- 3 |  4- 6 |  7- 9 | 10-12 || total
---------------------------+-------+-------+-------+-------++-------
  Melee: Unarmed           |    84 |   168 |   328 |   167 ||   747
         Tailslap          |     6 |    21 |    32 |       ||    59
         Punch             |     1 |     1 |     9 |       ||    11
         Constrict         |       |       |    31 |    37 ||    68
 Invoke: Serpent's Lash    |       |       |       |     5 ||     5
Ability: Breathe Noxious F |       |       |    10 |       ||    10
         Lunge             |       |       |    24 |    15 ||    39
         Whirlwind         |       |       |     3 |    18 ||    21
    Use: Potion            |     1 |     2 |     2 |     3 ||     8
         Scroll            |       |     2 |     7 |     4 ||    13
   Stab: Sleeping          |     1 |     3 |     4 |     1 ||     9
         Confused          |       |       |     3 |       ||     3
         Distracted        |       |       |     1 |       ||     1
 Armour: Skin              |    21 |    55 |   106 |    42 ||   224
  Dodge: Dodged            |    44 |   119 |   176 |    71 ||   410
   Form: Anaconda          |       |       |     1 |       ||     1

Table legend: (Time is in decaauts)
 A = Elapsed time spent in this place.
 B = Non-inter-level travel time spent in this place.
 C = Inter-level travel time spent in this place.
 D = Time resting spent in this place.
 E = Time spent auto-exploring this place.
 F = Levels seen in this place.
 G = Mean time per level.
                   A        B        C        D        E       F      G
               +--------+--------+--------+--------+--------+-----+--------+
         Total |   9729 |   9400 |    329 |   2403 |   4883 |  12 |  810.8 |
       Dungeon |   9511 |   9234 |    277 |   2403 |   4815 |  10 |  951.1 |
        Temple |     55 |      3 |     52 |      0 |      0 |   1 |   55.0 |
       Ossuary |    162 |    162 |      0 |      0 |     68 |   1 |  162.0 |
               +--------+--------+--------+--------+--------+-----+--------+

Top non-repeatable levels by time:
     D:3: 1434 daAuts
     D:9: 1352 daAuts
     D:7: 1180 daAuts
     D:4: 1039 daAuts
     D:8: 954 daAuts
     D:5: 923 daAuts
     D:6: 910 daAuts
     D:1: 863 daAuts
     D:2: 624 daAuts
    D:10: 231 daAuts
 Ossuary: 162 daAuts
  Temple: 55 daAuts
